 Dungeon Crawl Stone Soup version 0.28.0 (webtiles) character file.

Game seed: 1013342278167687508

41 browni3141 the Skirmisher (level 3, -2/24 HPs)
             Began as a Gargoyle Berserker on Feb 16, 2022.
             Was a Follower of Trog.
             Slain by Sigmund (4 damage)
             ... on level 2 of the Dungeon.
             The game lasted 00:00:59 (1555 turns).

browni3141 the Skirmisher (Gargoyle Berserker)      Turns: 1555, Time: 00:01:00

Health: -2/24      AC: 11    Str: 22    XL:     3   Next: 52%
Magic:  3/3        EV: 11    Int:  7    God:    Trog [*.....]
Gold:   66         SH:  0    Dex:  9    Spells: 2/2 levels left

rFire   . . .      SeeInvis .   a - +0 hand axe
rCold   . . .      Faith    .   (no shield)
rNeg    + . .      Spirit   .   e - +3 ring mail
rPois   ∞          Reflect  .   (no helmet)
rElec   +          Harm     .   (no cloak)
rCorr   .          Rampage  .   (no gloves)
Will    .....                   (no boots)
Stlth   ..........              (no amulet)
HPRegen 0.08/turn               (no ring)
MPRegen 0.08/turn               (no ring)

@: confused, on berserk cooldown, slowed, very slow
A: sickness immunity, AC +3, negative energy resistance 1, electricity
resistance, torment resistance 1, petrification resistance
a: Renounce Religion, Berserk


You were on level 2 of the Dungeon.
You worshipped Trog.
Trog was aware of your devotion.
You visited 1 branch of the dungeon, and saw 2 of its levels.

You collected 66 gold pieces.

Inventory:

Hand Weapons
 a - a +0 hand axe (weapon)
Armour
 b - a +0 animal skin
 e - a +3 ring mail (worn)
Scrolls
 c - a scroll of brand weapon {unknown}
Potions
 d - a potion of berserk rage {unknown}


   Skills:
 + Level 3.7 Fighting
 + Level 3.0 Axes
 + Level 2.8 Armour
 - Level 1.5 Dodging
 + Level 1.7 Stealth


You had 2 spell levels left.
You didn't know any spells.
Your spell library was empty.

Dungeon Overview and Level Annotations

Branches:
Dungeon (2/15)

Altars:

Annotations:
D:2 Sigmund


Innate Abilities, Weirdness & Mutations

You are immune to sickness and miasma.
Your stone body is resilient. (AC +3)
You are immune to poison.
You resist negative energy. (rN+)
You are resistant to electric shocks. (rElec)
You are resistant to unholy torment.
You are immune to petrification.


Message History

The hobgoblin barely misses you. x2
Sigmund hits you with a +3 scythe of protection.
Okay, then.
Unknown command.
You hit Sigmund.
Sigmund is moderately wounded.
You barely miss the hobgoblin. The hobgoblin closely misses you.
Sigmund barely misses you. The hobgoblin barely misses you.
You closely miss Sigmund.
Sigmund is moderately wounded.
You hit the hobgoblin.
You kill the hobgoblin!
Trog accepts your kill. Sigmund looks at you with fury.
Sigmund closely misses you.
You closely miss Sigmund.
Sigmund is moderately wounded.
Sigmund completely misses you.
You hit Sigmund but do no damage.
Sigmund is moderately wounded.
Sigmund hits you but does no damage.
You closely miss Sigmund.
Sigmund is moderately wounded.
Sigmund closely misses you.
You hit Sigmund but do no damage.
Sigmund is moderately wounded.
Sigmund points at you and mumbles some strange words.
You resist with significant effort.
Sigmund mumbles some strange words.
Sigmund flickers and vanishes!
Deactivating autopickup; reactivate with Ctrl-A.
You miss something. Something hits you but does no damage.
No target in view!
You miss something.
You hear some strange, mumbled words.
You are confused.
Something hits you!
* * * LOW HITPOINT WARNING * * *
Something hits you.
You die...

.....#.##..#...#.....#
##<..#.###.#.........#
#####.# #.#......>..#
.......##.......#
.....#.##.......#####
.....#.####.####.....
....#.#............. .
#.#.....†.......
#...@.........
#.....{##.....
#...............
##...........##.
.............#
.....#...######
.....#...# .....#...#


There were no monsters in sight!

Vanquished Creatures
  A dart slug (D:1)
  6 bats (D:1)
  3 endoplasms (D:1)
  4 giant cockroaches (D:1)
  3 goblins (D:1)
  5 hobgoblins
  3 kobolds (D:1)
  3 quokkas (D:1)
  A frilled lizard (D:1)
  A rat (D:1)
30 creatures vanquished.

Vanquished Creatures (others)
  A frilled lizard (D:1)
1 creature vanquished.

Grand Total: 31 creatures vanquished

Notes
Turn   | Place    | Note
-------+----------+-------------------------------------------
     0 | D:1      | browni3141 the Gargoyle Berserker began the quest for the
                  | Orb.
     0 | D:1      | Reached XP level 1. HP: 14/14 MP: 1/1
   154 | D:1      | Reached XP level 2. HP: 15/19 MP: 2/2
   317 | D:1      | Reached skill level 1 in Stealth
   604 | D:1      | Reached XP level 3. HP: 21/23 MP: 3/3
  1530 | D:2      | Noticed Sigmund
  1555 | D:2      | Slain by Sigmund

Illustrated notes

Levels and vault maps discovered:
D:1:      lightli_iron_boxes, layout_basic
D:2:      layout_basic, uniq_terence, uniq_natasha, uniq_robin, uniq_sigmund

Skill      XL: |  1  2  3 |
---------------+----------+-----
Stealth        | 1 |  1.7
Axes           | 3 |  3.0
Fighting       | |  3.7
Armour         | |  2.8
Dodging        | |  1.5

Action                   || total
-------------------------++-------
Melee: Hand axe          ||   105
Invok: Berserk           ||     1
Armor: Animal skin       ||    49
       Ring mail         ||    20
Dodge: Dodged            ||   107
